 Dungeon Crawl Stone Soup version 0.32-a0-40-g2adb59ae06 (webtiles) character file.

Game seed: 13479463114585059777

20 pokeman the Magician (level 2, -9/16 HPs)
             Began as a Deep Elf Hedge Wizard on Jan 24, 2024.
             Mangled by a gnoll
             ... wielding a +0 flail
              (11 damage)
             ... on level 1 of the Dungeon.
             The game lasted 00:00:58 (883 turns).

pokeman the Magician (Deep Elf Hedge Wizard)         Turns: 883, Time: 00:00:58

Health: -9/16      AC:  2    Str:  7    XL:     2   Next: 58%
Magic:  9/9        EV: 12    Int: 18    God:
Gold:   71         SH:  0    Dex: 14    Spells: 9/10 levels left

rFire   . . .        a - +0 dagger
rCold   . . .        (no shield)
rNeg    . . .        b - +0 robe
rPois   .            c - +0 hat
rElec   .            (no cloak)
rCorr   .            (no gloves)
SInv    .            (no boots)
Will    .....        (no amulet)
Stlth   ++           (no ring)
HPRegen 0.22/turn    (no ring)
MPRegen 0.11/turn

%: no passive effects
@: no status effects
A: no striking features
a: no special abilities


You were on level 1 of the Dungeon.
You visited 1 branch of the dungeon, and saw 1 of its levels.

You collected 71 gold pieces.

Inventory:

Hand Weapons
 a - a +0 dagger (weapon)
Armour
 b - a +0 robe (worn)
 c - a +0 hat (worn)
Scrolls
 e - a scroll of identify {unknown}
 h - a scroll of brand weapon {unknown}
Potions
 d - a potion of magic
 f - a potion of attraction {unknown}
 g - a potion of degeneration {unknown}
 i - a potion of might {unknown}
 j - a potion of heal wounds {unknown}


   Skills:
 + Level 0.5 Fighting
 + Level 0.5 Armour
 - Level 2.4 Dodging
 - Level 2.4 Stealth
 * Level 4.9 Spellcasting
 + Level 1.5 Conjurations
 - Level 1.1 Summonings
 - Level 1.1 Translocations


You had 9 spell levels left.
You knew the following spells:

 Your Spells              Type           Power      Damage    Failure   Level
a - Magic Dart            Conj           40%        1d5       7%          1

Your spell library contained the following spells:

 Spells                   Type           Power      Damage    Failure   Level
 Blink                    Tloc           16%        N/A       13%         2
 Call Imp                 Summ           16%        N/A       13%         2
 Slow                     Hex            16%        N/A       14%         1
 Cigotuvi's Dreadful Rot  Necr/Alch/Air  8%         N/A       21%         2
 Mephitic Cloud           Conj/Alch/Air  6%         N/A       32%         3


Dungeon Overview and Level Annotations

Branches:
Dungeon (1/15)

Altars:


Message History

Confirm with . or Enter, or press ? or * to list all spells.
You can't see any susceptible monsters within range! (Use Z to cast anyway.) Unknown command.
Things that are here:
a +0 short sword; a kobold corpse A bat comes into view.
Casting: Magic Dart (safe; 7% risk of failure)
Confirm with . or Enter, or press ? or * to list all spells.
Aiming: Magic Dart (safe; 7% risk of failure)
Press: ? - help, Shift-Dir - straight line, f - bat
Aim: a bat (asleep, 100% to hit)
The magic dart hits the bat.
The bat is severely wounded.
Casting: Magic Dart (safe; 7% risk of failure)
Confirm with . or Enter, or press ? or * to list all spells.
Aiming: Magic Dart (safe; 7% risk of failure)
Press: ? - help, Shift-Dir - straight line, f/p - bat
Aim: a bat (severely wounded, 100% to hit)
The magic dart hits the bat.
You kill the bat!
Casting: Magic Dart (safe; 7% risk of failure)
Confirm with . or Enter, or press ? or * to list all spells.
You can't see any susceptible monsters within range! (Use Z to cast anyway.) Unknown command.
You now have 71 gold pieces (gained 12).
You see here a bat corpse.
You open the door.
A gnoll comes into view. It is wielding a +0 flail.
Casting: Magic Dart (safe; 7% risk of failure)
Confirm with . or Enter, or press ? or * to list all spells.
You don't know that spell.
You start removing your armour.
You continue taking off your +0 robe.
The gnoll hits you with a +0 flail.
You stop removing your armour.
The gnoll hits you with a +0 flail! The gnoll attacks as it pursues you!
The gnoll hits you with a +0 flail.
* * * LOW HITPOINT WARNING * * *
The gnoll attacks as it pursues you! The gnoll misses you.
The gnoll attacks as it pursues you! The gnoll hits you with a +0 flail!
Ouch! That really hurt!
You die...

#^# #.....# #..)....# #.#
#.##..#######.#####.#
#.#######.#...........# #.#
..>....>#.......####### #.#
#.##.##.#......†'.....# #.#
#.##.##.#.......#####.# #.#
#.##.##.#........# .### #.#
..##.##.#........# ..# #.#
..##.##.#.......@######.# #.#
.....##.########.g......# #.#
.######.###################.#
.'.................)........#
.######.#####################
.+....................#
.######.#############.#
....................#.#
........###########.#.#


You could see a gnoll.

Vanquished Creatures
  A ball python (D:1)
  An endoplasm (D:1)
  A giant cockroach (D:1)
  4 goblins (D:1)
  2 hobgoblins (D:1)
  2 kobolds (D:1)
  2 quokkas (D:1)
  2 bats (D:1)
  2 rats (D:1)
17 creatures vanquished.

Notes
Turn   | Place    | Note
-------+----------+-------------------------------------------
     0 | D:1      | pokeman the Deep Elf Hedge Wizard began the quest for the
                  | Orb.
     0 | D:1      | Reached XP level 1. HP: 10/10 MP: 7/7
   314 | D:1      | Reached XP level 2. HP: 15/15 MP: 6/9
   883 | D:1      | Mangled by a gnoll

Illustrated notes

Levels and vault maps discovered:
D:1:      ncdulo_smallfort, layout_basic, minivault_27

Action                     || total
---------------------------++-------
  Melee: Dagger            ||    15
   Cast: Magic Dart        ||    36
 Armour: Robe              ||    16
  Dodge: Dodged            ||    11

Table legend: (Time is in decaauts)
 A = Elapsed time spent in this place.
 B = Non-inter-level travel time spent in this place.
 C = Inter-level travel time spent in this place.
 D = Time resting spent in this place.
 E = Time spent auto-exploring this place.
 F = Levels seen in this place.
 G = Mean time per level.
                   A        B        C        D        E       F      G
               +--------+--------+--------+--------+--------+-----+--------+
         Total |    883 |    883 |      0 |      0 |    782 |   1 |  883.0 |
       Dungeon |    883 |    883 |      0 |      0 |    782 |   1 |  883.0 |
               +--------+--------+--------+--------+--------+-----+--------+

Top non-repeatable levels by time:
     D:1: 883 daAuts
